 Dungeon Crawl Stone Soup version 0.25.0-11-g1f837a76a1 (webtiles) character file.

Game seed: 17724596271939700898

37642 dengdeng the Tortoise (level 13, -17/119 HPs)
             Began as a Minotaur Berserker on June 25, 2020.
             Was a High Priest of Trog.
             Killed from afar by a hell hound (24 damage)
             ... with a blast of flame
             ... on level 3 of the Abyss.
             The game lasted 00:50:11 (11881 turns).

dengdeng the Tortoise (Minotaur Berserker)         Turns: 11881, Time: 00:50:11

Health: -17/119    AC: 24    Str: 27    XL:     13   Next: 59%
Magic:  9/12       EV: 10    Int: 11    God:    Trog [*****.]
Gold:   887        SH:  0    Dex: 12    Spells: 12/12 levels left

rFire    x . .     SeeInvis .   H - +7 flail of Doom {freeze, MR- Int+7 Dex+2}
rCold    + . .     Gourm    .   (no shield)
rNeg     . . .     Faith    .   q - +0 plate armour
rPois    .         Spirit   .   (helmet restricted)
rElec    .         Reflect  .   u - +0 cloak
rCorr    +         Harm     .   E - +2 pair of gloves
MR       .....                  o - +0 pair of boots
Stlth    ..........             b - amulet of regeneration
HPRegen  0.69/turn              V - ring of resist corrosion
MPRegen  0.13/turn              T - ring of ice

@: no status effects
A: retaliatory headbutt, horns 2
a: Berserk, Trog's Hand, Brothers in Arms, Renounce Religion


You were on level 3 of the Abyss.
You worshipped Trog.
Trog was extremely pleased with you.
You were near starving.

You visited 1 branch of the dungeon, and saw 14 of its levels.
You visited the Abyss 1 time.

You collected 887 gold pieces.

Inventory:

Hand Weapons
 H - the +7 flail of Doom (weapon) {freeze, MR- Int+7 Dex+2}
   (You found it on level 6 of the Dungeon)

   It has been specially enchanted to freeze those struck by it, causing extra
   injury to most foes and up to half again as much damage against particularly
   susceptible opponents.
   It can also slow down cold-blooded creatures.
   It affects your intelligence (+7).
   It affects your dexterity (+2).
   It affects your resistance to hostile enchantments.
 X - a +0 vorpal eveningstar
 Y - the +4 hand axe of the Key {vorpal, rElec rF+ MR++ Str-2}
   (Trog gifted it to you on level 13 of the Dungeon)

   It inflicts extra damage upon your enemies.
   It affects your strength (-2).
   It protects you from fire.
   It insulates you from electricity.
   It affects your resistance to hostile enchantments.
Missiles
 f - 460 stones
 t - 4 silver javelins
 M - 21 boomerangs
 P - 13 javelins (quivered)
Armour
 o - a +0 pair of boots (worn)
 q - a +0 plate armour (worn)
 u - a +0 cloak (worn)
 E - a +2 pair of gloves (worn)
Jewellery
 b - an amulet of regeneration (around neck)
 T - a ring of ice (right hand)
 V - a ring of resist corrosion (left hand)
 W - an uncursed amulet of inaccuracy
Wands
 a - a wand of digging (19)
 J - a wand of clouds (3)
 K - a wand of acid (3)
 S - a wand of disintegration (11)
Scrolls
 d - 7 scrolls of enchant armour {unknown}
 e - 10 scrolls of teleportation
 g - 4 scrolls of enchant weapon {unknown}
 h - 6 scrolls of fear
 i - 4 scrolls of fog {unknown}
 j - 13 scrolls of identify
 k - 4 scrolls of amnesia {unknown}
 l - a scroll of random uselessness {unknown}
 r - 4 scrolls of remove curse
 v - 3 scrolls of noise {unknown}
 A - 3 scrolls of blinking {unknown}
 C - 4 scrolls of immolation {unknown}
 G - 2 scrolls of magic mapping {unknown}
 I - 2 scrolls of silence {unknown}
Potions
 m - 5 potions of resistance {unknown}
 n - 6 potions of curing {unknown}
 p - 2 potions of degeneration {unknown}
 s - a potion of might {unknown}
 w - a potion of mutation {unknown}
 x - a potion of invisibility {unknown}
 B - 4 potions of haste {unknown}
 D - 4 potions of heal wounds {unknown}
 F - 5 potions of lignification {unknown}
 L - 2 potions of cancellation {unknown}
 N - 2 potions of flight {unknown}
 U - a potion of brilliance {unknown}
Comestibles
 c - 30 rations
 Z - 10 chunks of flesh


   Skills:
 + Level 12.4 Fighting
 + Level 8.4(12.5) Axes
 + Level 14.6(15.4) Maces & Flails
 + Level 7.0 Throwing
 * Level 15.4 Armour
 + Level 5.3 Dodging
 + Level 2.3 Stealth


You had 12 spell levels left.
You didn't know any spells.
Your spell library contained the following spells:

 Spells                   Type           Power        Failure   Level  Hunger
 Apportation              Tloc           #.....       91%         1    ##.....
 Magic Dart               Conj           #...         91%         1    ##.....
 Summon Butterflies       Summ           #.......     91%         1    ##.....
 Blink                    Tloc           N/A          97%         2    ###....
 Call Imp                 Summ           #.......     97%         2    ###....
 Slow                     Hex            #.......     97%         2    ###....
 Conjure Flame            Conj/Fire      #.......     100%        3    ####...
 Lesser Beckoning         Tloc           #.........   100%        3    ####...
 Mephitic Cloud           Conj/Pois/Air  #.......     100%        3    ####...
 Tukima's Dance           Hex            #.......     100%        3    ####...
 Fulminant Prism          Conj/Hex       #.........   100%        4    #####..
 Alistair's Intoxication  Tmut/Pois      #.......     100%        5    ######.
 Fireball                 Conj/Fire      #.........   100%        5    ######.
 Irradiate                Conj/Tmut      #.........   100%        5    ######.
 Invisibility             Hex            #.......     100%        6    #######


Dungeon Overview and Level Annotations

Branches:
Dungeon (14/15)            Temple (0/1) D:6            Lair (0/6) D:10
    Orc (0/2) D:12         Vaults (0/5) D:13

Altars:
Ashenzari
Dithmenos
Fedhas
Gozag
Kikubaaqudgha
Makhleb
Nemelex Xobeh
Qazlal
Uskayaw
Vehumet
Wu Jian
Xom
Yredelemnul
Zin
The Shining One

Shops:
D:6 }   D:7 =   D:8 (


Innate Abilities, Weirdness & Mutations

You reflexively headbutt those who attack you in melee.
You have a pair of horns on your head.


Message History

The hell hound is lightly wounded.
The hell hound barely misses you. You furiously retaliate!
You headbutt the hell hound. The hell hound barely misses you.
You furiously retaliate!
You headbutt the hell hound. You bludgeon the hell hound!!
You freeze the hell hound.
You kill the hell hound!
Trog accepts your kill. The hellwing hits you!
* * * LOW HITPOINT WARNING * * *
The hellwing hits you but does no damage.
The hell hound misses you. You furiously retaliate!
You headbutt the hell hound, but do no damage.
You completely miss the hell hound.
The hell hound bites you but does no damage.
You sock the hell hound! You freeze the hell hound.
The hell hound is severely wounded.
The hell hound breathes flames at you.
The blast of flame hits the hell hound.
The hell hound completely resists.
The blast of flame hits you!! The fire burns you terribly!
You die...

.... #.... #...# .
##...###...## #. # #X
.#.....#.....# ...## .
.............#.....#. .
........D........... . .
.............# ...#..
.#.....#.x...## ..## .
........X4..............
..##.#@### ##. ##..# .#
#h## .# ##.# #h .. #. ##
#. .. .# #


You could see a bone dragon, a tentacled monstrosity, a hellwing, 2 hell hounds
and a small abomination.

Vanquished Creatures
  A deep elf annihilator (D:13)
  Josephine (D:13)
  Snorg (D:13)
  The ghost of cada the Cruncher, a journeyman FoFi of Okawaru (D:12)
  Erolcha (D:12)
  2 hydras (D:12)
  An ogre mage (D:13)
  4 centaur warriors
  7 two-headed ogres
  A tengu warrior (D:13)
  3 death yaks (D:10)
  Urug (D:13)
  A mana viper (Abyss:3)
  An orc knight (D:14)
  2 orc sorcerers (D:13)
  2 cyclopes
  Maurice (D:9)
  A manticore (D:11)
  An ugly thing (D:12)
  A gargoyle (D:6)
  5 centaur skeletons
  Maggie (D:7)
  A komodo dragon (D:12)
  An ancient zyme (Abyss:3)
  3 trolls
  A hornet (D:13)
  Grinder (D:4)
  2 hippogriffs
  A centaur simulacrum (D:14)
  A meliai zombie (D:10)
  A wyvern (D:14)
  6 wraiths
  20 yaks
  A steam dragon (D:11)
  Menkaure (D:7)
  3 wargs
  2 small abominations (Abyss:3)
  A hell hound (Abyss:3)
  2 water moccasins
  Duvessa (D:7)
  7 orc warriors
  A hornet zombie (D:6)
  3 sky beasts
  A black bear (D:9)
  3 ice beasts
  An eye of draining (D:13)
  3 phantoms
  7 centaurs
  9 ogres
  Dowan (D:7)
  10 bullfrogs
  A wyvern skeleton (D:14)
  5 scorpions
  15 wights
  18 killer bees
  13 howler monkeys
  5 centaur zombies
  A bullfrog zombie (D:8)
  7 crimson imps
  7 hounds
  A quasit (D:9)
  10 orc priests
  Crazy Yiuf (D:7)
  A jelly (D:4)
  2 bullfrog skeletons
  Terence (D:3)
  3 iguanas
  12 orc wizards
  A hell rat (D:10)
  8 worker ants
  2 hound zombies
  A hound skeleton (D:8)
  A howler monkey zombie (D:8)
  7 gnolls
  16 adders
  An ooze (D:2)
  An adder zombie (D:7)
  3 worms
  5 dart slugs
  12 leopard geckos
  47 orcs
  2 giant cockroaches
  4 hobgoblins
  9 jackals
  5 quokkas
  6 ball pythons
  4 bats
  7 frilled lizards
  14 goblins
  3 kobolds
  8 rats
  A lurking horror (Abyss:3)
406 creatures vanquished.

Vanquished Creatures (others)
  5 plants (D:12)
5 creatures vanquished.

Grand Total: 411 creatures vanquished

Notes
Turn   | Place    | Note
-------+----------+-------------------------------------------
     0 | D:1      | dengdeng the Minotaur Berserker began the quest for the
                  | Orb.
     0 | D:1      | Reached XP level 1. HP: 19/19 MP: 0/0
    84 | D:1      | Reached XP level 2. HP: 27/27 MP: 1/1
   753 | D:1      | Reached XP level 3. HP: 28/33 MP: 2/2
  1127 | D:2      | You fall into a shaft and drop 2 floors!
  1127 | D:4      | Noticed an ogre
  1131 | D:4      | Killed an ogre
  1131 | D:4      | Reached skill level 3 in Armour
  1131 | D:4      | Reached XP level 4. HP: 41/41 MP: 3/3
  1135 | D:4      | Got a steaming whip
  1136 | D:4      | Identified the +11 whip of Doors {vorpal, rN+} (You found
                  | it on level 4 of the Dungeon)
  1143 | D:4      | Found a basalt altar of Yredelemnul.
  1160 | D:3      | Reached ** piety under Trog
  1160 | D:3      | Reached skill level 5 in Fighting
  1160 | D:3      | Reached XP level 5. HP: 40/48 MP: 4/4
  1289 | D:2      | Reached skill level 5 in Axes
  1404 | D:2      | Found a hide-covered altar of Uskayaw.
  1443 | D:2      | Reached skill level 1 in Maces & Flails
  1564 | D:2      | Found a glowing silver altar of Zin.
  2447 | D:3      | Found a shimmering altar of Xom.
  2459 | D:3      | Found a stormy altar of Qazlal.
  2483 | D:3      | Noticed Terence
  2501 | D:3      | Killed Terence
  2501 | D:3      | Reached XP level 6. HP: 48/56 MP: 5/5
  2703 | D:3      | Found a faded altar of an unknown god.
  2819 | D:3      | Found a radiant altar of Vehumet.
  2820 | D:3      | Found a burning altar of Makhleb.
  2821 | D:3      | Reached *** piety under Trog
  3032 | D:4      | Reached skill level 4 in Armour
  3177 | D:4      | Found an opulent altar of Gozag.
  3187 | D:4      | Reached XP level 7. HP: 61/61 MP: 6/6
  3204 | D:4      | Reached skill level 1 in Stealth
  3208 | D:4      | Reached skill level 1 in Throwing
  3407 | D:4      | Noticed Grinder
  3414 | D:4      | Killed Grinder
  3414 | D:4      | Reached skill level 5 in Maces & Flails
  3441 | D:4      | Reached skill level 5 in Armour
  3768 | D:5      | Entered Level 5 of the Dungeon
  3814 | D:5      | Reached XP level 8. HP: 61/70 MP: 7/7
  3980 | D:5      | Found a basalt altar of Yredelemnul.
  4353 | D:6      | Found Edoesug's Gadget Boutique.
  4361 | D:6      | Found a shattered altar of Ashenzari.
  4387 | D:6      | Found a staircase to the Ecumenical Temple.
  4391 | D:6      | Got a glimmering flail
  4392 | D:6      | Identified the +7 flail of Doom {freeze, MR- Int+7 Dex+2}
                  | (You found it on level 6 of the Dungeon)
  4456 | D:6      | Reached **** piety under Trog
  4457 | D:6      | Reached skill level 6 in Armour
  4541 | D:6      | Noticed a gargoyle
  4546 | D:6      | Killed a gargoyle
  4572 | D:6      | Reached skill level 7 in Armour
  4574 | D:6      | Reached XP level 9. HP: 56/78 MP: 8/8
  4704 | D:6      | Found a glowing golden altar of the Shining One.
  5050 | D:7      | Noticed Maggie
  5059 | D:7      | Killed Maggie
  5059 | D:7      | Reached skill level 8 in Armour
  5079 | D:7      | Noticed Menkaure
  5083 | D:7      | Found Enip's Jewellery Boutique.
  5087 | D:7      | Killed Menkaure
  5130 | D:7      | Noticed Duvessa
  5130 | D:7      | Noticed Dowan
  5140 | D:7      | Killed Duvessa
  5143 | D:7      | Killed Dowan
  5167 | D:7      | Found a blossoming altar of Fedhas.
  5295 | D:7      | Reached skill level 9 in Armour
  5316 | D:7      | Reached skill level 10 in Maces & Flails
  5379 | D:7      | Reached XP level 10. HP: 86/86 MP: 9/9
  5443 | D:7      | Found a runed translucent door.
  5444 | D:7      | Noticed Crazy Yiuf
  5863 | D:7      | Killed Crazy Yiuf
  5978 | D:8      | Reached skill level 10 in Armour
  6040 | D:8      | Found an ancient bone altar of Kikubaaqudgha.
  6203 | D:8      | Found a shadowy altar of Dithmenos.
  6203 | D:8      | Found an ornate altar of the Wu Jian Council.
  6258 | D:8      | Reached ***** piety under Trog
  6428 | D:8      | Noticed a two-headed ogre
  6434 | D:8      | Killed a two-headed ogre
  6648 | D:8      | Found Suilayla's Antique Weapon Shop.
  6842 | D:9      | Reached skill level 11 in Armour
  6929 | D:9      | Noticed a two-headed ogre
  6938 | D:9      | Killed a two-headed ogre
  6941 | D:9      | Reached XP level 11. HP: 65/95 MP: 10/10
  7045 | D:9      | Received a gift from Trog
  7073 | D:9      | Noticed Maurice
  7082 | D:9      | Killed Maurice
  7118 | D:9      | Found a sparkling altar of Nemelex Xobeh.
  7124 | D:9      | Got a shimmering chain mail
  7244 | D:9      | Identified the +1 chain mail "Nonimn" {+Fly rF+ rC+ Dex-2}
                  | (You found it on level 9 of the Dungeon)
  7420 | D:10     | Entered Level 10 of the Dungeon
  7420 | D:10     | Found a staircase to the Lair.
  7420 | D:10     | Noticed a death yak
  7422 | D:10     | Noticed a death yak
  7422 | D:10     | Noticed a death yak
  7435 | D:10     | Killed a death yak
  7438 | D:10     | Killed a death yak
  7439 | D:10     | Killed a death yak
  8000 | D:10     | Found a flagged portal.
  8231 | D:11     | Noticed a two-headed ogre
  8235 | D:11     | Killed a two-headed ogre
  8235 | D:11     | Reached skill level 12 in Armour
  8283 | D:11     | Reached skill level 10 in Fighting
  9025 | D:12     | Reached XP level 12. HP: 107/107 MP: 11/11
  9027 | D:12     | Received a gift from Trog
  9045 | D:12     | Noticed Erolcha
  9051 | D:12     | Killed Erolcha
  9133 | D:12     | Reached skill level 13 in Armour
  9200 | D:12     | Reached skill level 5 in Dodging
  9302 | D:12     | Found a runed translucent gate.
  9302 | D:12     | Found a runed translucent gate.
  9302 | D:12     | Found a runed translucent gate.
  9303 | D:12     | Noticed a 12-headed hydra
  9303 | D:12     | Noticed cada's ghost (journeyman FoFi)
  9305 | D:12     | Noticed a nine-headed hydra
  9463 | D:12     | Found a staircase to the Orcish Mines.
  9716 | D:12     | Killed a nine-headed hydra
  9719 | D:12     | Killed a 12-headed hydra
  9729 | D:12     | Killed cada's ghost
  9795 | D:13     | Noticed a deep elf annihilator
  9879 | D:13     | Paralysed by an orc sorcerer for 2 turns
  9926 | D:13     | Noticed a two-headed ogre
 10049 | D:13     | Killed a two-headed ogre
 10049 | D:13     | Reached skill level 5 in Throwing
 10049 | D:13     | Reached skill level 14 in Armour
 10226 | D:13     | Killed a deep elf annihilator
 10239 | D:13     | Noticed Josephine
 10244 | D:13     | Noticed an ogre mage
 10244 | D:13     | Noticed a two-headed ogre
 10245 | D:13     | Noticed a two-headed ogre
 10256 | D:13     | Killed Josephine
 10259 | D:13     | Killed an ogre mage
 10260 | D:13     | Killed a two-headed ogre
 10261 | D:13     | Reached XP level 13. HP: 116/116 MP: 12/12
 10292 | D:13     | Found a gate to the Vaults.
 10398 | D:13     | Got a pair of smoking boots
 10409 | D:13     | Identified the +0 pair of boots of the Game Afoot {+Blink
                  | rC+++ Str-4 Slay-3} (You found it on level 13 of the
                  | Dungeon)
 10422 | D:13     | Identified Sif Muna's Guide on Attacks
 10642 | D:13     | Noticed Urug
 10655 | D:13     | Killed Urug
 10805 | D:13     | Received a gift from Trog
 10806 | D:13     | Got a masterwork hand axe {god gift}
 10808 | D:13     | Identified the +4 hand axe of the Key {vorpal, rElec rF+
                  | MR++ Str-2} (Trog gifted it to you on level 13 of the
                  | Dungeon)
 10930 | D:13     | Noticed Snorg
 10946 | D:13     | Killed Snorg
 11364 | D:14     | Reached skill level 15 in Armour
 11771 | D:14     | Cast into level 3 of the Abyss (a wizard)
 11863 | Abyss:3  | Noticed a tentacled monstrosity
 11877 | Abyss:3  | Noticed a bone dragon
 11881 | Abyss:3  | Killed from afar by a hell hound

Illustrated notes

Levels and vault maps discovered:
D:1:      roderic_dead_forest, layout_loops_ring, minmay_split_cup_small
D:2:      layout_loops_cross, zin_treasury, eat_drink_and_be_merry_uskayaw
D:3:      layout_basic, grunt_temple_overflow_lords_of_destruction,
          lemuel_round_altar, nicolae_qazlal_general_emergency,
          chequers_ecumenical_altar_simple, minmay_shallow_snake_nest,
          uniq_terence
D:4:      layout_gridville, yredelemnul_altar_generic, grunt_gozag_statues,
          uniq_grinder
D:5:      layout_loops_ring, basic_altar, first_ration
D:6:      minmay_opposing_rooms, layout_basic, overflow_temple_1_default,
          minmay_temple_entry_overgrown, basic_altar, serial_shops, shop
D:7:      layout_rooms, fedhas_bush_and_centaur_altar, serial_shops,
          nicolae_shop_stone, uniq_duvessa, uniq_crazy_yiuf_cottage,
          uniq_menkaure, uniq_maggie
D:8:      layout_loops_ring, kennysheep_little_box,
          gammafunk_temple_overflow_pools, serial_shops, shop, grunt_ogre_cave
D:9:      layout_cave_pools, nemelex_xobeh_ov_fountains_minmay, uniq_maurice
D:10:     layout_irregular_city, dpeg_lair_monsters, enter_bailey_6
D:11:     layout_loops_ring
D:12:     layout_rooms, erik_orc_4, gammafunk_ghost_hydra_chop, uniq_erolcha
D:13:     cheibrodos_wizards_tower, layout_long_grid, david_vaults_2,
          uniq_josephine, uniq_urug, uniq_snorg
D:14:     layout_loops_ring, drop_trap, minmay_misc_feat_tower
Abyss:3:  base: D:10, evilmike_abyss_exit_chaos

Skill      XL: |  1  2  3  4  5  6  7  8  9 10 11 12 13 |
---------------+----------------------------------------+-----
Axes           | 4 5 8 |  8.4
Fighting       | 4 5 6 7 8 10 11 12 | 12.4
Armour         | 3 4 5 7 9 11 12 14 15 | 15.4
Dodging        | 3 4 5 |  5.3
Maces & Flails | 2 3 6 8 10 12 13 14 | 14.6
Stealth        | 1 2 |  2.3
Throwing       | 1 2 3 4 6 7 |  7.0

Action                   |  1- 3 |  4- 6 |  7- 9 | 10-12 | 13-15 || total
-------------------------+-------+-------+-------+-------+-------++-------
Melee: Hand axe          |    65 |       |       |       |    26 ||    91
       Headbutt          |    12 |    13 |    23 |   113 |    47 ||   208
       Whip              |       |    97 |    47 |       |       ||   144
       Flail             |       |       |   101 |   476 |   155 ||   732
       Battleaxe         |       |       |       |    25 |       ||    25
Throw: Stone             |       |    19 |     1 |       |       ||    20
       Javelin           |       |       |    14 |     3 |     9 ||    26
       Boomerang         |       |       |       |    62 |     7 ||    69
Invok: Berserk           |       |       |       |     4 |     2 ||     6
       Trog's Hand       |       |       |       |       |     1 ||     1
       Brothers in Arms  |       |       |       |       |     1 ||     1
  Use: Scroll            |       |     1 |       |     1 |     3 ||     5
 Stab: Distracted        |       |       |       |     1 |       ||     1
  Eat: Chunk             |     1 |     6 |     7 |    16 |     3 ||    33
       Ration            |       |       |       |     1 |     1 ||     2
Armor: Animal skin       |     4 |    11 |       |       |       ||    15
       Chain mail        |       |    13 |    78 |    32 |       ||   123
       Plate armour      |       |       |       |   332 |   108 ||   440
Dodge: Dodged            |    39 |    42 |    66 |   282 |    92 ||   521
